 Dungeon Crawl Stone Soup version 0.30.0-29-ga12c61a403 (webtiles) character file.

Game seed: 1767380794400395753

483 safid the Chiller (level 7, 0/54 HPs)
             Began as a Merfolk Ice Elementalist on June 21, 2023.
             Slain by a gnoll
             ... wielding a +0 spear
             ... led by a gnoll bouda
              (3 damage)
             ... on level 5 of the Dungeon.
             The game lasted 00:06:33 (2989 turns).

safid the Chiller (Merfolk Ice Elementalist)        Turns: 2989, Time: 00:06:34

Health: 0/54       AC: 13    Str:  7 (8)  XL:     7   Next: 12%
Magic:  5/13       EV: 13    Int: 16 (17) God:
Gold:   70         SH:  0    Dex: 16 (19) Spells: 7/14 levels left

rFire   . . .        t - +11 dagger of Cowardice {pain, Drain rN++ Dex+5}
rCold   . . .        (no shield)
rNeg    + + .        u - +1 robe {Will+}
rPois   .            (no helmet)
rElec   .            (no cloak)
rCorr   .            (no gloves)
SInv    .            (no boots)
Will    +....        (no amulet)
Stlth   ++           p - +4 ring of protection
HPRegen 0.29/turn    (no ring)
MPRegen 0.13/turn

%: no passive effects
@: ice-armoured, freezing walls
A: (nimble swimmer 2), mertail
a: no special abilities


You were on level 5 of the Dungeon.
You visited 1 branch of the dungeon, and saw 7 of its levels.

You collected 70 gold pieces.

Inventory:

Hand Weapons
 t - the +11 dagger of Cowardice (weapon) {pain, Drain rN++ Dex+5}
   (You found it on level 3 of the Dungeon)

   Dex:       It affects your dexterity (+5).
   rN:        It greatly protects you from negative energy.
   Drain:     It drains your maximum health when unequipped.
Armour
 u - a +1 robe of willpower (worn)
Jewellery
 p - a +4 ring of protection (left hand)
Wands
 b - a wand of mindburst (11)
Scrolls
 c - a scroll of poison {unknown}
 d - a scroll of noise {unknown}
 f - 2 scrolls of blinking {unknown}
 g - 3 scrolls of fog {unknown}
 i - a scroll of identify {unknown}
 j - 4 scrolls of teleportation {unknown}
 l - a scroll of enchant weapon {unknown}
 r - a scroll of torment {unknown}
Potions
 e - a potion of degeneration
 h - a potion of resistance
 k - a potion of invisibility {unknown}
 m - a potion of mutation {unknown}
 n - a potion of brilliance {unknown}
 o - a potion of lignification {unknown}
 q - a potion of heal wounds {unknown}
 s - a potion of flight {unknown}


   Skills:
 + Level 4.3 Fighting
 - Level 2.6 Dodging
 - Level 2.1 Stealth
 + Level 4.2 Spellcasting
 + Level 6.3 Ice Magic


You had 7 spell levels left.
You knew the following spells:

 Your Spells              Type           Power      Damage    Failure   Level
a - Freeze                Ice            92%        1d9       1%          1
b - Frozen Ramparts       Ice            46%        1d7       3%          3
c - Ozocubu's Armour      Ice            23%        N/A       3%          3

Your spell library contained the following spells:

 Spells                   Type           Power      Damage    Failure   Level
 Necrotise                Necr           12%        1d4       17%         1
 Summon Ice Beast         Ice/Summ       13%        N/A       41%         4
 Vampiric Draining        Necr           3%         2d6       45%         3
 Agony                    Necr           3%         N/A       99%         5


Dungeon Overview and Level Annotations

Branches:
Dungeon (7/15)
 Temple: D:4-7

Altars:
Cheibriados
Zin

Shops:
D:2 =

Annotations:
D:3 2 transporters


Innate Abilities, Weirdness & Mutations

((You are very nimble when in or above water. (Stealth+, EV+, Speed+++)))
Your lower body shifts to a powerful aquatic tail in water.


Message History

The orc priest calls down the wrath of Beogh upon you.
Beogh smites you!
The gnoll shouts!
You are too injured to fight recklessly!
You are too injured to fight recklessly!
Unknown command.
You puncture the gnoll bouda!
The gnoll bouda is severely wounded.
The wall freezes the gnoll bouda but does no damage.
The gnoll bouda drinks a potion.
The gnoll bouda is healed!
The orc priest invokes the aid of Beogh against you.
Beogh smites you!
* * * LOW HITPOINT WARNING * * *
You hit the gnoll bouda.
The gnoll bouda is moderately wounded.
The wall freezes the gnoll bouda.
The gnoll bouda hits you with a +0 whip.
* * * LOW HITPOINT WARNING * * *
The wall freezes the orc.
The orc priest looks encouraged for a moment.
You hit the gnoll bouda. You punch the gnoll bouda.
The gnoll bouda is heavily wounded.
The wall freezes the gnoll bouda but does no damage.
The gnoll bouda hits you but does no damage.
The wall freezes the orc.
You kill the orc!
Unknown command.
You puncture the gnoll bouda!
The gnoll bouda is almost dead.
The wall freezes the gnoll.
The wall freezes the gnoll bouda.
You kill the gnoll bouda!
The orc priest invokes the aid of Beogh against you.
Beogh smites you!
* * * LOW HITPOINT WARNING * * *
It was a potion of degeneration.
There was something very wrong with that liquid.
You feel weakened.
You feel dopey.
You feel clumsy.
The wall freezes the gnoll. x2
The gnoll hits you from afar with a +0 spear.
You die...

#..### #..# .
#..).##...#.#
#.#....#....
########[##........
#......)))......##
#...........)....#
#.........##.....#
#.........# ....>#
#.......>@##.....<.
#########g)#......#
##)g.....##
.......# #.....$.
o..... ....!.
...... .....


You could see an orc priest and 2 gnolls.

Vanquished Creatures
  Blork the orc (D:5)
  A scorpion (D:5)
  A sleepcap (D:5)
  A gnoll bouda (D:5)
  Natasha (twice) (D:3)
  2 iguanas
  Ijyb (D:3)
  An orc wizard (D:5)
  A hound skeleton (D:3)
  2 adders
  3 gnolls (D:5)
  2 adder zombies (D:3)
  A worm (D:3)
  2 dart slugs
  An adder simulacrum (D:3)
  9 orcs
  2 bats (D:1)
  5 endoplasms
  5 giant cockroaches
  5 goblins
  6 hobgoblins
  2 jackals (D:3)
  3 quokkas (D:2)
  4 ball pythons
  3 frilled lizards
  6 kobolds
  A quokka simulacrum (D:3)
  6 rats
  A spectral giant cockroach (D:3)
80 creatures vanquished.

Notes
Turn   | Place    | Note
-------+----------+-------------------------------------------
     0 | D:1      | safid the Merfolk Ice Elementalist began the quest for the
                  | Orb.
     0 | D:1      | Reached XP level 1. HP: 13/13 MP: 3/3
   198 | D:1      | Reached XP level 2. HP: 20/20 MP: 1/5
   289 | D:1      | Reached skill level 1 in Fighting
   619 | D:2      | Reached XP level 3. HP: 9/26 MP: 4/6
   731 | D:2      | Learned a level 3 spell: Frozen Ramparts
  1083 | D:2      | Reached skill level 5 in Ice Magic
  1083 | D:2      | Reached XP level 4. HP: 4/33 MP: 0/8
  1087 | D:2      | Learned a level 3 spell: Ozocubu's Armour
  1243 | D:2      | Found Qapret's Jewellery Boutique.
  1702 | D:3      | Found a glowing silver altar of Zin.
  1702 | D:3      | Noticed an angel
  1936 | D:3      | Found a transporter.
  1973 | D:3      | Found a transporter.
  2136 | D:3      | Noticed Ijyb
  2155 | D:3      | Killed Ijyb
  2156 | D:3      | Reached XP level 5. HP: 7/39 MP: 5/9
  2335 | D:3      | Noticed Natasha
  2365 | D:3      | Killed Natasha
  2491 | D:3      | Identified the +11 dagger of Cowardice {pain, Drain rN++
                  | Dex+5}
  2624 | D:3      | Noticed Natasha
  2634 | D:3      | Killed Natasha
  2712 | D:4      | You fall into a shaft and drop 3 floors!
  2716 | D:7      | Noticed a sky beast
  2718 | D:6      | Found a snail-covered altar of Cheibriados.
  2803 | D:5      | Entered Level 5 of the Dungeon
  2818 | D:5      | Reached XP level 6. HP: 41/47 MP: 4/11
  2823 | D:5      | Reached skill level 6 in Ice Magic
  2898 | D:5      | Noticed Blork the orc
  2905 | D:5      | Killed Blork the orc
  2976 | D:5      | Reached XP level 7. HP: 54/54 MP: 6/13
  2989 | D:5      | Slain by a gnoll

Illustrated notes

Levels and vault maps discovered:
D:1:      eino_arrival_cavern_e, layout_rooms
D:2:      layout_basic, serial_shops, shop
D:3:      gammafunk_steamed_eel, layout_basic, zin_angel,
          dilly_guarded_unrand_morg, uniq_ijyb
D:4:      layout_basic, uniq_grinder
D:5:      layout_rooms, mainiacjoe_overflow_concentric_impassable,
          uniq_blork_the_orc
D:6:      layout_loops_ring, slow_altar_1, minmay_temple_entry_wispy,
          minmay_ruffians, uniq_menkaure, uniq_edmund
D:7:      layout_rooms, lemuel_tele_altar

Skill      XL: |  1  2  3  4  5  6 |
---------------+-------------------+-----
Fighting       | 1 2 3 4 |  4.3
Ice Magic      | 5 6 |  6.3
Spellcasting   | 3 4 |  4.2
Dodging        | |  2.6
Stealth        | |  2.1

Action                     |  1- 3 |  4- 6 |  7- 9 || total
---------------------------+-------+-------+-------++-------
  Melee: Whip              |    28 |       |       ||    28
         Short sword       |    28 |    83 |       ||   111
         Punch             |       |     3 |     1 ||     4
         Dagger            |       |    23 |     6 ||    29
   Cast: Freeze            |    29 |    10 |       ||    39
         Frozen Ramparts   |       |     7 |     1 ||     8
         Ozocubu's Armour  |       |     4 |       ||     4
    Use: Potion            |       |     1 |     1 ||     2
   Stab: Sleeping          |     5 |     5 |       ||    10
 Armour: Robe              |     3 |    44 |     1 ||    48
  Dodge: Dodged            |    45 |    68 |     2 ||   115
